Admirals NSH vs Stars

Created - Thursday, March 12, 2015 at 01:15

Goals
1 2 3 OT1 SO T
Admirals NSH 0 1 0 0 1 2
Stars 0 1 0 0 0 1
Shots
1 2 3 OT1 SO T
Admirals NSH 5 9 5 3 3 22
Stars 8 15 12 5 3 40

1st period

No Goal

Penalties :
Farm Player4 (TEX) for Delaying the game (Minor) at 8:32

2nd period

1. Stars , Carlo Colaiacovo 43 (Vinny Saponari) at 9:14
2. Admirals NSH , Frazer McLaren 20 (Mike Blunden) at 15:41 (PP)

Penalties :
Alexandre Grenier (TEX) for Fighting (Major) at 0:36, Frazer McLaren (MIL) for Fighting (Major) at 0:36, Farm Player70 (MIL) for Interference (Minor) at 13:07, Luke Witkowski (TEX) for Hooking (Minor) at 15:40, Steven Delisle (TEX) for Hooking (Minor) at 18:57

3rd period

No Goal

Penalties :
No Penalty

Overtime #1

No Goal

Penalties :
No Penalty

Shootout

Penalty Shot by Pierre-Cedric Labrie for Admirals NSH - Stopped by Joey MacDonald
Penalty Shot by Spencer Machacek for Stars - Shot Misses the Net
Penalty Shot by Jamie Tardif for Admirals NSH - Stopped by Joey MacDonald
Penalty Shot by Zac Dalpe for Stars - Stopped by Johan Gustafsson
Penalty Shot by Frazer McLaren for Admirals NSH - Goal!
Penalty Shot by Justin Shugg for Stars - Stopped by Johan Gustafsson

Penalties :
No Penalty

Goalie Stats

Johan Gustafsson (MIL), 39 saves from 40 shots - (0.975), W, 22-48-7, 65:00 minutes
Joey MacDonald (TEX), 21 saves from 22 shots - (0.955), OTL, 13-10-4, 65:00 minutes

Players Stats for Admirals NSH

Player Name              G  A  P  +/- PIM S  H  SB GA TA FO     MP     PP MP  PK MP  
------------------------------------------------------------------------------------
Adam Cracknell           0  0  0   0  0   4  2  1  3  1  2/3    22:28   1:41   0:45 
Brody Sutter             0  0  0   0  0   0  0  1  0  0  4/6    21:20   1:34   0:52 
Cameron Schilling        0  0  0  -1  0   0  4  1  1  2  0/0    20:34   2:15   1:04 
Corey Tropp              0  0  0   0  0   0  4  0  2  1  0/0    10:05   0:22   0:00 
Dylan Olsen              0  0  0   0  0   0  0  0  0  0  0/0     0:00   0:00   0:00 
Farm Player70            0  0  0  -1  2   0  0  0  0  0  1/2    16:31   1:08   0:00 
Frazer McLaren           1  0  1   0  5   2  2  0  6  0  0/0    18:05   1:41   0:24 
Frederic St. Denis       0  0  0  -1  0   0  1  0  0  0  0/0     9:29   0:00   0:00 
Fredrik Claesson         0  0  0   0  0   1  0  1  0  2  0/0    29:08   1:44   1:04 
Jamie Tardif             0  0  0   0  0   3  0  1  1  1  5/15   23:55   1:32   1:02 
Jyrki Jokipakka          0  0  0   0  0   3  1  1  1  2  0/0    24:11   1:44   0:55 
Lane MacDermid           0  0  0   0  0   0  0  0  1  0  0/0     5:41   0:00   0:00 
Marcel Noebels           0  0  0  -1  0   2  2  0  0  1  0/0    16:09   0:22   0:00 
Mike Blunden             0  1  1  -1  0   2  3  0  0  0  5/7    24:19   1:43   0:55 
Nikita Nesterov          0  0  0   0  0   2  1  2  1  0  0/0    20:03   0:00   0:00 
Patrick Mullen           0  0  0   0  0   0  0  3  2  0  0/0    27:22   2:15   0:55 
Pierre-Cedric Labrie     0  0  0   0  0   3  4  0  3  1  1/1    18:54   1:32   0:00 
Wade Megan               0  0  0   0  0   0  1  0  0  0  4/5     9:45   0:22   0:00 

Players Stats for Stars

Player Name              G  A  P  +/- PIM S  H  SB GA TA FO     MP     PP MP  PK MP  
------------------------------------------------------------------------------------
Alexandre Grenier        0  0  0   0  5   0  2  1  3  0  0/0    18:22   1:06   0:18 
Austin Madaisky          0  0  0   0  0   1  0  1  1  1  0/0    15:32   0:00   0:00 
Cameron Gaunce           0  0  0   0  0   2  3  0  0  1  0/0    21:51   0:48   1:37 
Carlo Colaiacovo         1  0  1   1  0   11 4  0  3  1  0/0    27:28   1:11   2:22 
Carter Bancks            0  0  0   0  0   0  0  0  0  3  0/0    17:50   0:00   1:18 
Farm Player4             0  0  0   0  2   1  2  0  0  0  2/5    16:48   0:00   0:12 
Joonas Rask              0  0  0   0  0   0  0  0  0  0  0/0     0:00   0:00   0:00 
Justin Shugg             0  0  0   1  0   2  1  0  3  0  0/0    18:15   0:53   1:08 
Luke Witkowski           0  0  0   0  2   0  1  1  0  0  0/0    16:02   0:00   0:00 
Matt Tennyson            0  0  0   1  0   2  4  0  0  0  0/0    21:49   1:11   2:22 
Matt Watkins             0  0  0   0  0   3  1  2  3  0  0/0    19:16   1:06   0:00 
Michael Davies           0  0  0   1  0   3  1  1  0  0  0/0    10:32   0:06   0:00 
Patrik Nemeth            0  0  0   0  0   1  0  0  0  3  0/0    21:51   0:48   1:37 
Spencer Machacek         0  0  0   1  0   5  1  1  6  3  7/13   24:06   0:47   2:21 
Steven Delisle           0  0  0   0  2   0  0  0  0  1  0/0     6:00   0:00   0:00 
Vinny Saponari           0  1  1   0  0   3  0  2  1  1  0/0    18:25   0:06   0:00 
Wacey Hamilton           0  0  0   0  0   0  5  0  1  1  3/9    19:09   1:06   0:40 
Zac Dalpe                0  0  0   0  0   6  1  0  2  1  5/12   22:41   0:47   2:01 

3 Stars

1 - Johan Gustafsson (MIL)
2 - Carlo Colaiacovo (TEX)
3 - Joey MacDonald (TEX)

Power Play

Admirals NSH - 1 on 3 Attempt(s) - 33.33%
Stars - 0 on 1 Attempt(s) - 0.00%

Penalty Kill

Admirals NSH - 1 on 1 Attempt(s) - 100.00% - Score 0 goal in Penalty Kill
Stars - 2 on 3 Attempt(s) - 66.67% - Score 0 goal in Penalty Kill

Team Stat

Admirals NSH - Hits : 25 - Faceoff Wins : 22 - Blocked Shots : 11 - Penalty Minutes : 7
Stars - Hits : 26 - Faceoff Wins : 17 - Blocked Shots : 9 - Penalty Minutes : 11

Official

Referees : Unknown
Linesman : Unknown

Game Notes

Alexandre Grenier and Frazer McLaren fight to a draw at 0:36 of 2nd period

Finance

Level 1 -- Attendance: 1551 (77.55%) -- Ticket Income $54,285
Level 2 -- Attendance: 712 (71.20%) -- Ticket Income $10,680
Total Attendance: 2263 (75.43%)
Total Ticket Income: $64,965
Other Income: $31,833
Total Income: $96,798

Admirals NSH

5 vs 5 Forward 
   Center                   Left Wing                Right Wing               Time % Phy DF OF 
 1 Jamie Tardif             Mike Blunden             Adam Cracknell           25     1   2  2  
 2 Brody Sutter             Frazer McLaren           Pierre-Cedric Labrie     25     1   2  2  
 3 Mike Blunden             Brody Sutter             Jamie Tardif             25     1   2  2  
 4 Mike Blunden             Marcel Noebels           Brody Sutter             25     1   2  2  

5 vs 5 Defense 
   Defense                  Defense                                           Time % Phy DF OF 
 1 Fredrik Claesson         Jyrki Jokipakka                                   30     1   2  2  
 2 Patrick Mullen           Nikita Nesterov                                   28     1   2  2  
 3 Fredrik Claesson         Cameron Schilling                                 21     1   2  2  
 4 Fredrik Claesson         Patrick Mullen                                    21     1   2  2  

PowerPlay Forward 
   Center                   Left Wing                Right Wing               Time % Phy DF OF 
 1 Mike Blunden             Frazer McLaren           Adam Cracknell           50     1   2  2  
 2 Brody Sutter             Jamie Tardif             Pierre-Cedric Labrie     50     1   2  2  

PowerPlay Defense
   Defense                  Defense                                           Time % Phy DF OF 
 1 Fredrik Claesson         Jyrki Jokipakka                                   50     1   2  2  
 2 Patrick Mullen           Cameron Schilling                                 50     1   2  2  

Penalty Kill 4 Players Forward 
   Center                   Wing                     Time % Phy DF OF 
 1 Mike Blunden             Jamie Tardif             60     1   2  2  
 2 Frazer McLaren           Brody Sutter             40     1   2  2  

Penalty Kill 4 Players Defense
   Defense                  Defense                  Time % Phy DF OF 
 1 Fredrik Claesson         Cameron Schilling        60     1   2  2  
 2 Patrick Mullen           Jyrki Jokipakka          40     1   2  2  

Penalty Kill - 3 Players Forward 
   Forward                                           Time % Phy DF OF 
 1 Brody Sutter                                      60     1   2  2  
 2 Mike Blunden                                      40     1   2  2  

Penalty Kill - 3 Players Defense
   Defense                  Defense                  Time % Phy DF OF 
 1 Fredrik Claesson         Cameron Schilling        60     1   2  2  
 2 Patrick Mullen           Jyrki Jokipakka          40     1   2  2  

4 vs 4 Forward 
   Center                   Wing                     Time % Phy DF OF 
 1 Jamie Tardif             Mike Blunden             60     1   2  2  
 2 Adam Cracknell           Brody Sutter             40     1   2  2  

4 vs 4 Defense
   Defense                  Defense                  Time % Phy DF OF 
 1 Fredrik Claesson         Jyrki Jokipakka          60     1   2  2  
 2 Patrick Mullen           Cameron Schilling        40     1   2  2  

Last Minutes Offensive
   Center                   Left Wing                Right Wing               Defense                  Defense                  
   Brody Sutter             Mike Blunden             Adam Cracknell           Fredrik Claesson         Jyrki Jokipakka          

Last Minutes Defensive
   Center                   Left Wing                Right Wing               Defense                  Defense                  
   Brody Sutter             Mike Blunden             Adam Cracknell           Fredrik Claesson         Jyrki Jokipakka          

Goaltenders
Starting : Johan Gustafsson         
Backup : Jeremy Smith             

Extra Forwards
Normal : Jamie Tardif, Brody Sutter, Mike Blunden - PP : Jamie Tardif, Brody Sutter - PK : Brody Sutter
Extra Defensemen
Normal : Fredrik Claesson, Cameron Schilling, Patrick Mullen - PP : Fredrik Claesson - PK : Cameron Schilling, Patrick Mullen
Penalty Shots
Pierre-Cedric Labrie, Jamie Tardif, Frazer McLaren, Brody Sutter, Mike Blunden

Stars

5 vs 5 Forward 
   Center                   Left Wing                Right Wing               Time % Phy DF OF 
 1 Zac Dalpe                Justin Shugg             Spencer Machacek         35     1   2  2  
 2 Wacey Hamilton           Matt Watkins             Alexandre Grenier        30     1   2  2  
 3 Farm Player4             Carter Bancks            Vinny Saponari           22     1   2  2  
 4 Spencer Machacek         Zac Dalpe                Michael Davies           13     1   2  2  

5 vs 5 Defense 
   Defense                  Defense                                           Time % Phy DF OF 
 1 Carlo Colaiacovo         Matt Tennyson                                     35     1   2  2  
 2 Cameron Gaunce           Patrik Nemeth                                     30     1   2  2  
 3 Austin Madaisky          Luke Witkowski                                    22     1   2  2  
 4 Steven Delisle           Carlo Colaiacovo                                  13     1   2  2  

PowerPlay Forward 
   Center                   Left Wing                Right Wing               Time % Phy DF OF 
 1 Zac Dalpe                Justin Shugg             Spencer Machacek         60     1   2  2  
 2 Wacey Hamilton           Matt Watkins             Alexandre Grenier        40     1   2  2  

PowerPlay Defense
   Defense                  Defense                                           Time % Phy DF OF 
 1 Carlo Colaiacovo         Matt Tennyson                                     60     1   2  2  
 2 Cameron Gaunce           Patrik Nemeth                                     40     1   2  2  

Penalty Kill 4 Players Forward 
   Center                   Wing                     Time % Phy DF OF 
 1 Spencer Machacek         Zac Dalpe                60     1   2  2  
 2 Justin Shugg             Alexandre Grenier        40     1   2  2  

Penalty Kill 4 Players Defense
   Defense                  Defense                  Time % Phy DF OF 
 1 Carlo Colaiacovo         Matt Tennyson            60     1   2  2  
 2 Cameron Gaunce           Patrik Nemeth            40     1   2  2  

Penalty Kill - 3 Players Forward 
   Forward                                           Time % Phy DF OF 
 1 Spencer Machacek                                  60     1   2  2  
 2 Zac Dalpe                                         40     1   2  2  

Penalty Kill - 3 Players Defense
   Defense                  Defense                  Time % Phy DF OF 
 1 Carlo Colaiacovo         Matt Tennyson            60     1   2  2  
 2 Cameron Gaunce           Patrik Nemeth            40     1   2  2  

4 vs 4 Forward 
   Center                   Wing                     Time % Phy DF OF 
 1 Spencer Machacek         Zac Dalpe                60     1   2  2  
 2 Justin Shugg             Alexandre Grenier        40     1   2  2  

4 vs 4 Defense
   Defense                  Defense                  Time % Phy DF OF 
 1 Carlo Colaiacovo         Matt Tennyson            60     1   2  2  
 2 Cameron Gaunce           Patrik Nemeth            40     1   2  2  

Last Minutes Offensive
   Center                   Left Wing                Right Wing               Defense                  Defense                  
   Zac Dalpe                Justin Shugg             Spencer Machacek         Carlo Colaiacovo         Matt Tennyson            

Last Minutes Defensive
   Center                   Left Wing                Right Wing               Defense                  Defense                  
   Zac Dalpe                Justin Shugg             Spencer Machacek         Carlo Colaiacovo         Matt Tennyson            

Goaltenders
Starting : Joey MacDonald           
Backup : Nikolai Khabibulin       

Extra Forwards
Normal : Vinny Saponari, Michael Davies, Carter Bancks - PP : Vinny Saponari, Michael Davies - PK : Carter Bancks
Extra Defensemen
Normal : Austin Madaisky, Luke Witkowski, Steven Delisle - PP : Austin Madaisky - PK : Luke Witkowski, Steven Delisle
Penalty Shots
Spencer Machacek, Zac Dalpe, Justin Shugg, Alexandre Grenier, Vinny Saponari

% Time on Ice - Admirals NSH

Lines # - Real PCT - Wanted PCT - Time Play
Normal Forward
1 - 27% - 25% - 14:24
2 - 35% - 25% - 18:59
3 - 14% - 25% - 7:23
4 - 25% - 25% - 13:16
Normal Defense
1 - 34% - 30% - 18:15
2 - 37% - 28% - 19:46
3 - 22% - 21% - 12:00
4 - 7% - 21% - 4:01
PP Forward
1 - 42% - 50% - 1:41
2 - 58% - 50% - 2:18
PP Defense
1 - 44% - 50% - 1:44
2 - 56% - 50% - 2:15
PK Forward
1 - 100% - 60% - 1:59
2 - 0% - 40% - 0:00
PK Defense
1 - 54% - 60% - 1:04
2 - 46% - 40% - 0:55
PK3 Forward
1 - 0% - 60%
2 - 0% - 40%
PK3 Defense
1 - 0% - 60%
2 - 0% - 40%
44 Forward
1 - 100% - 60% - 5:00
2 - 0% - 40% - 0:00
44 Defense
1 - 60% - 60% - 2:59
2 - 40% - 40% - 2:01
Last Minute Offensive  - 0:00
Last Minute Defensive  - 0:00
Total
Forward - 65:00
Defense - 65:00

% Time on Ice - Stars

Lines # - Real PCT - Wanted PCT - Time Play
Normal Forward
1 - 28% - 35% - 14:57
2 - 34% - 30% - 18:32
3 - 28% - 22% - 15:03
4 - 10% - 13% - 5:30
Normal Defense
1 - 29% - 35% - 15:29
2 - 32% - 30% - 17:13
3 - 29% - 22% - 15:32
4 - 11% - 13% - 5:48
PP Forward
1 - 45% - 60% - 0:53
2 - 55% - 40% - 1:06
PP Defense
1 - 60% - 60% - 1:11
2 - 40% - 40% - 0:48
PK Forward
1 - 92% - 60% - 3:41
2 - 8% - 40% - 0:18
PK Defense
1 - 59% - 60% - 2:22
2 - 41% - 40% - 1:37
PK3 Forward
1 - 0% - 60%
2 - 0% - 40%
PK3 Defense
1 - 0% - 60%
2 - 0% - 40%
44 Forward
1 - 86% - 60% - 4:18
2 - 14% - 40% - 0:42
44 Defense
1 - 56% - 60% - 2:47
2 - 44% - 40% - 2:13
Last Minute Offensive  - 0:00
Last Minute Defensive  - 0:00
Total
Forward - 65:00
Defense - 65:00

Play by Play

1st period


0:01 of 1st period - Jamie Tardif wins face-off versus Zac Dalpe in neutral zone.
0:03 of 1st period - Off-side.
0:04 of 1st period - Zac Dalpe wins face-off versus Jamie Tardif in neutral zone.
0:13 of 1st period - Wrist shot by Spencer Machacek.
0:13 of 1st period - Shot Misses the Net.
0:15 of 1st period - Snap shot by Justin Shugg.
0:15 of 1st period - Stopped by Johan Gustafsson with a rebound.
0:55 of 1st period - Jyrki Jokipakka is hit by Matt Watkins and loses puck.
2:05 of 1st period - Mike Blunden is hit by Cameron Gaunce and loses puck.
2:27 of 1st period - Carlo Colaiacovo is hit by Cameron Schilling and loses puck.
5:04 of 1st period - Frederic St. Denis is hit by Farm Player4.
5:16 of 1st period - Slapshot by Carlo Colaiacovo.
5:16 of 1st period - Deflect By Matt Watkins.
5:16 of 1st period - Stopped by Johan Gustafsson with a rebound.
5:50 of 1st period - Fredrik Claesson is hit by Justin Shugg.
6:25 of 1st period - Vinny Saponari is hit by Marcel Noebels and loses puck.
6:40 of 1st period - Lane MacDermid is hit by Wacey Hamilton and loses puck.
6:49 of 1st period - Corey Tropp is hit by Matt Tennyson and loses puck.
7:08 of 1st period - Wrist shot by Spencer Machacek.
7:08 of 1st period - Shot Misses the Net.
8:03 of 1st period - Slapshot by Pierre-Cedric Labrie.
8:03 of 1st period - Stopped by Joey MacDonald with a rebound.
8:07 of 1st period - Wrist shot by Pierre-Cedric Labrie.
8:07 of 1st period - Shot Misses the Net.
8:09 of 1st period - Wrist shot by Marcel Noebels.
8:09 of 1st period - Stopped by Joey MacDonald with a rebound.
8:32 of 1st period - Minor Penalty to Farm Player4 for Delaying the game.
8:33 of 1st period - Spencer Machacek wins face-off versus Mike Blunden in Stars zone.
9:08 of 1st period - Snap shot by Jamie Tardif.
9:08 of 1st period - Shot Misses the Net.
9:30 of 1st period - Cameron Schilling is hit by Carlo Colaiacovo.
9:37 of 1st period - Carlo Colaiacovo is hit by Cameron Schilling and loses puck.
10:32 of 1st period - Penalty to Farm Player4 is over, Farm Player4 is back on ice.
10:40 of 1st period - Snap shot by Vinny Saponari.
10:40 of 1st period - Shot Misses the Net.
10:42 of 1st period - Slapshot by Austin Madaisky.
10:42 of 1st period - Stopped by Johan Gustafsson with a rebound.
10:44 of 1st period - Slapshot by Vinny Saponari.
10:44 of 1st period - Shot Blocked by Patrick Mullen.
10:46 of 1st period - Wrist shot by Vinny Saponari.
10:46 of 1st period - Stopped by Johan Gustafsson with a rebound.
11:38 of 1st period - Wrist shot by Corey Tropp.
11:38 of 1st period - Shot Misses the Net.
11:44 of 1st period - Slapshot by Nikita Nesterov.
11:44 of 1st period - Stopped by Joey MacDonald with a rebound.
12:51 of 1st period - Snap shot by Justin Shugg.
12:51 of 1st period - Stopped by Johan Gustafsson with a rebound.
12:56 of 1st period - Off-side.
12:57 of 1st period - Wade Megan wins face-off versus Farm Player4 in neutral zone.
13:14 of 1st period - Slapshot by Adam Cracknell.
13:14 of 1st period - Stopped by Joey MacDonald with a rebound.
13:16 of 1st period - Slapshot by Jyrki Jokipakka.
13:16 of 1st period - Shot Misses the Net.
13:18 of 1st period - Slapshot by Jyrki Jokipakka.
13:18 of 1st period - Stopped by Joey MacDonald with a rebound.
13:28 of 1st period - Alexandre Grenier is hit by Pierre-Cedric Labrie and loses puck.
13:37 of 1st period - Carlo Colaiacovo is hit by Nikita Nesterov and loses puck.
13:54 of 1st period - Snap shot by Michael Davies.
13:54 of 1st period - Stopped by Johan Gustafsson with a rebound.
13:56 of 1st period - Snap shot by Zac Dalpe.
13:56 of 1st period - Shot Misses the Net.
14:49 of 1st period - Justin Shugg is hit by Pierre-Cedric Labrie and loses puck.
15:02 of 1st period - Slapshot by Zac Dalpe.
15:02 of 1st period - Shot Misses the Net.
15:43 of 1st period - Cameron Schilling is hit by Luke Witkowski and loses puck.
15:58 of 1st period - Matt Tennyson is hit by Cameron Schilling and loses puck.
16:23 of 1st period - Carter Bancks is hit by Marcel Noebels and loses puck.
16:56 of 1st period - Lane MacDermid is hit by Zac Dalpe and loses puck.
17:11 of 1st period - Slapshot by Matt Watkins.
17:11 of 1st period - Stopped by Johan Gustafsson with a rebound.
17:23 of 1st period - Patrik Nemeth is hit by Frederic St. Denis.
17:35 of 1st period - Matt Watkins is hit by Adam Cracknell and loses puck.
17:42 of 1st period - Slapshot by Mike Blunden.
17:42 of 1st period - Shot Blocked by Matt Watkins.
17:44 of 1st period - Slapshot by Patrick Mullen.
17:44 of 1st period - Shot Blocked by Luke Witkowski.
17:46 of 1st period - Wrist shot by Adam Cracknell.
17:46 of 1st period - Shot Blocked by Michael Davies.
18:12 of 1st period - Snap shot by Spencer Machacek.
18:12 of 1st period - Deflect By Zac Dalpe.
18:12 of 1st period - Shot Hit the Post.
18:12 of 1st period - Puck is out of play.
18:13 of 1st period - Spencer Machacek wins face-off versus Farm Player70 in Admirals NSH zone.
18:14 of 1st period - Snap shot by Zac Dalpe.
18:14 of 1st period - Shot Misses the Net.
18:16 of 1st period - Wrist shot by Spencer Machacek.
18:16 of 1st period - Shot Misses the Net.
18:18 of 1st period - Slapshot by Cameron Gaunce.
18:18 of 1st period - Deflect By Zac Dalpe.
18:18 of 1st period - Stopped by Johan Gustafsson with a rebound.
18:20 of 1st period - Slapshot by Patrik Nemeth.
18:20 of 1st period - Shot Blocked by Cameron Schilling.
18:34 of 1st period - Spencer Machacek is hit by Pierre-Cedric Labrie and loses puck.
18:47 of 1st period - Patrik Nemeth is hit by Mike Blunden and loses puck.
18:54 of 1st period - Snap shot by Mike Blunden.
18:54 of 1st period - Shot Blocked by Vinny Saponari.
19:34 of 1st period - Off-side.
19:35 of 1st period - Wade Megan wins face-off versus Wacey Hamilton in neutral zone.
Goals for this period are 0 for Admirals NSH vs 0 for Stars.
Shots for this period are 5 for Admirals NSH vs 8 for Stars.

2nd period


0:01 of 2nd period - Zac Dalpe wins face-off versus Jamie Tardif in neutral zone.
0:27 of 2nd period - Snap shot by Mike Blunden.
0:27 of 2nd period - Shot Misses the Net.
0:29 of 2nd period - Wrist shot by Jamie Tardif.
0:29 of 2nd period - Stopped by Joey MacDonald with a rebound.
0:31 of 2nd period - Snap shot by Fredrik Claesson.
0:31 of 2nd period - Stopped by Joey MacDonald with a rebound.
0:33 of 2nd period - Wrist shot by Mike Blunden.
0:33 of 2nd period - Stopped by Joey MacDonald without a rebound.
0:34 of 2nd period - Brody Sutter wins face-off versus Wacey Hamilton in Stars zone.
0:36 of 2nd period - Alexandre Grenier and Frazer McLaren fight to a draw.
0:36 of 2nd period - Penalty to Alexandre Grenier for Fighting.
0:36 of 2nd period - Penalty to Frazer McLaren for Fighting.
0:37 of 2nd period - Zac Dalpe wins face-off versus Jamie Tardif in Stars zone.
0:50 of 2nd period - Backhand shot by Carlo Colaiacovo.
0:50 of 2nd period - Shot Misses the Net.
0:52 of 2nd period - Slapshot by Carlo Colaiacovo.
0:52 of 2nd period - Shot Misses the Net.
0:54 of 2nd period - Snap shot by Spencer Machacek.
0:54 of 2nd period - Stopped by Johan Gustafsson without a rebound.
0:55 of 2nd period - Jamie Tardif wins face-off versus Zac Dalpe in Admirals NSH zone.
1:40 of 2nd period - Fredrik Claesson is hit by Matt Tennyson and loses puck.
1:53 of 2nd period - Snap shot by Wacey Hamilton.
1:53 of 2nd period - Shot Misses the Net.
2:31 of 2nd period - Snap shot by Pierre-Cedric Labrie.
2:31 of 2nd period - Shot Blocked by Vinny Saponari.
2:53 of 2nd period - Snap shot by Michael Davies.
2:53 of 2nd period - Deflect By Zac Dalpe.
2:53 of 2nd period - Shot Misses the Net.
2:53 of 2nd period - Puck is out of play.
2:54 of 2nd period - Spencer Machacek wins face-off versus Adam Cracknell in Admirals NSH zone.
3:58 of 2nd period - Matt Tennyson is hit by Pierre-Cedric Labrie and loses puck.
4:17 of 2nd period - Snap shot by Carlo Colaiacovo.
4:17 of 2nd period - Shot Misses the Net.
4:19 of 2nd period - Snap shot by Matt Tennyson.
4:19 of 2nd period - Stopped by Johan Gustafsson with a rebound.
4:21 of 2nd period - Slapshot by Zac Dalpe.
4:21 of 2nd period - Stopped by Johan Gustafsson with a rebound.
4:23 of 2nd period - Slapshot by Matt Tennyson.
4:23 of 2nd period - Deflect By Spencer Machacek.
4:23 of 2nd period - Stopped by Johan Gustafsson with a rebound.
4:25 of 2nd period - Snap shot by Carlo Colaiacovo.
4:25 of 2nd period - Shot Blocked by Nikita Nesterov.
4:27 of 2nd period - Slapshot by Carlo Colaiacovo.
4:27 of 2nd period - Shot Misses the Net.
4:29 of 2nd period - Slapshot by Carlo Colaiacovo.
4:29 of 2nd period - Stopped by Johan Gustafsson with a rebound.
4:45 of 2nd period - Mike Blunden is hit by Wacey Hamilton.
6:13 of 2nd period - Jamie Tardif is hit by Cameron Gaunce and loses puck.
7:21 of 2nd period - Wrist shot by Marcel Noebels.
7:21 of 2nd period - Stopped by Joey MacDonald with a rebound.
7:26 of 2nd period - Off-side.
7:27 of 2nd period - Wade Megan wins face-off versus Zac Dalpe in neutral zone.
7:30 of 2nd period - Austin Madaisky is hit by Corey Tropp and loses puck.
7:45 of 2nd period - Wrist shot by Spencer Machacek.
7:45 of 2nd period - Stopped by Johan Gustafsson with a rebound.
9:12 of 2nd period - Wrist shot by Carlo Colaiacovo.
9:12 of 2nd period - Stopped by Johan Gustafsson with a rebound.
9:14 of 2nd period - Slapshot by Carlo Colaiacovo.
9:14 of 2nd period - Goal by Carlo Colaiacovo - Admirals NSH : 0 - Stars : 1.
9:15 of 2nd period - Adam Cracknell wins face-off versus Wacey Hamilton in neutral zone.
9:24 of 2nd period - Slapshot by Frazer McLaren.
9:24 of 2nd period - Shot Blocked by Matt Watkins.
9:32 of 2nd period - Wrist shot by Frazer McLaren.
9:32 of 2nd period - Stopped by Joey MacDonald with a rebound.
9:54 of 2nd period - Wrist shot by Nikita Nesterov.
9:54 of 2nd period - Deflect By Cameron Gaunce.
9:54 of 2nd period - Stopped by Joey MacDonald with a rebound.
10:20 of 2nd period - Slapshot by Carlo Colaiacovo.
10:20 of 2nd period - Stopped by Johan Gustafsson with a rebound.
10:22 of 2nd period - Slapshot by Matt Tennyson.
10:22 of 2nd period - Shot Misses the Net.
10:24 of 2nd period - Backhand shot by Farm Player4.
10:24 of 2nd period - Stopped by Johan Gustafsson with a rebound.
10:26 of 2nd period - Snap shot by Farm Player4.
10:26 of 2nd period - Shot Misses the Net.
11:13 of 2nd period - Frederic St. Denis is hit by Carlo Colaiacovo and loses puck.
11:49 of 2nd period - Cameron Gaunce is hit by Corey Tropp and loses puck.
11:56 of 2nd period - Patrick Mullen is hit by Wacey Hamilton.
12:38 of 2nd period - Backhand shot by Jamie Tardif.
12:38 of 2nd period - Stopped by Joey MacDonald without a rebound.
12:39 of 2nd period - Farm Player4 wins face-off versus Jamie Tardif in Stars zone.
12:44 of 2nd period - Marcel Noebels is hit by Farm Player4 and loses puck.
13:07 of 2nd period - Minor Penalty to Farm Player70 for Interference.
13:08 of 2nd period - Mike Blunden wins face-off versus Wacey Hamilton in Admirals NSH zone.
13:16 of 2nd period - Slapshot by Carlo Colaiacovo.
13:16 of 2nd period - Stopped by Johan Gustafsson with a rebound.
13:39 of 2nd period - Off-side.
13:40 of 2nd period - Spencer Machacek wins face-off versus Brody Sutter in neutral zone.
13:47 of 2nd period - Wrist shot by Spencer Machacek.
13:47 of 2nd period - Shot Blocked by Brody Sutter.
14:34 of 2nd period - Snap shot by Carlo Colaiacovo.
14:34 of 2nd period - Deflect By Justin Shugg.
14:34 of 2nd period - Shot Misses the Net.
14:34 of 2nd period - Puck is out of play.
14:35 of 2nd period - Mike Blunden wins face-off versus Zac Dalpe in Admirals NSH zone.
14:35 of 2nd period - Mike Blunden is hit by Matt Tennyson.
14:47 of 2nd period - Slapshot by Carlo Colaiacovo.
14:47 of 2nd period - Shot Blocked by Jamie Tardif.
14:49 of 2nd period - Snap shot by Wacey Hamilton.
14:49 of 2nd period - Shot Misses the Net.
14:51 of 2nd period - Slapshot by Matt Tennyson.
14:51 of 2nd period - Stopped by Johan Gustafsson with a rebound.
14:53 of 2nd period - Snap shot by Matt Watkins.
14:53 of 2nd period - Stopped by Johan Gustafsson with a rebound.
14:57 of 2nd period - Snap shot by Alexandre Grenier.
14:57 of 2nd period - Shot Misses the Net.
15:07 of 2nd period - Penalty to Farm Player70 is over, Farm Player70 is back on ice.
15:11 of 2nd period - Wrist shot by Michael Davies.
15:11 of 2nd period - Stopped by Johan Gustafsson with a rebound.
15:40 of 2nd period - Minor Penalty to Luke Witkowski for Hooking.
15:41 of 2nd period - Mike Blunden wins face-off versus Spencer Machacek in Stars zone.
15:41 of 2nd period - Wrist shot by Frazer McLaren.
15:41 of 2nd period - Goal by Frazer McLaren - Admirals NSH : 1 - Stars : 1.
15:42 of 2nd period - Farm Player4 wins face-off versus Brody Sutter in neutral zone.
15:47 of 2nd period - Snap shot by Vinny Saponari.
15:47 of 2nd period - Shot Blocked by Patrick Mullen.
16:33 of 2nd period - Adam Cracknell is hit by Carlo Colaiacovo and loses puck.
17:16 of 2nd period - Wrist shot by Spencer Machacek.
17:16 of 2nd period - Deflect By Zac Dalpe.
17:16 of 2nd period - Stopped by Johan Gustafsson with a rebound.
17:53 of 2nd period - Vinny Saponari is hit by Frazer McLaren and loses puck.
18:20 of 2nd period - Pierre-Cedric Labrie is hit by Wacey Hamilton and loses puck.
18:57 of 2nd period - Minor Penalty to Steven Delisle for Hooking.
18:58 of 2nd period - Pierre-Cedric Labrie wins face-off versus Spencer Machacek in Stars zone.
19:03 of 2nd period - Slapshot by Pierre-Cedric Labrie.
19:03 of 2nd period - Stopped by Joey MacDonald with a rebound.
19:05 of 2nd period - Slapshot by Cameron Schilling.
19:05 of 2nd period - Shot Blocked by Spencer Machacek.
19:13 of 2nd period - Zac Dalpe is hit by Cameron Schilling and loses puck.
19:39 of 2nd period - Spencer Machacek is hit by Frazer McLaren and loses puck.
Goals for this period are 1 for Admirals NSH vs 1 for Stars.
Shots for this period are 9 for Admirals NSH vs 15 for Stars.

3rd period


0:01 of 3rd period - Mike Blunden wins face-off versus Spencer Machacek in neutral zone.
0:30 of 3rd period - Slapshot by Spencer Machacek.
0:30 of 3rd period - Deflect By Zac Dalpe.
0:30 of 3rd period - Shot Misses the Net.
0:30 of 3rd period - Puck is out of play.
0:31 of 3rd period - Brody Sutter wins face-off versus Spencer Machacek in Admirals NSH zone.
0:57 of 3rd period - Penalty to Steven Delisle is over, Steven Delisle is back on ice.
1:42 of 3rd period - Adam Cracknell is hit by Wacey Hamilton and loses puck.
1:47 of 3rd period - Snap shot by Carlo Colaiacovo.
1:47 of 3rd period - Stopped by Johan Gustafsson with a rebound.
2:05 of 3rd period - Wrist shot by Pierre-Cedric Labrie.
2:05 of 3rd period - Stopped by Joey MacDonald without a rebound.
2:06 of 3rd period - Brody Sutter wins face-off versus Farm Player4 in Stars zone.
2:29 of 3rd period - Snap shot by Carlo Colaiacovo.
2:29 of 3rd period - Stopped by Johan Gustafsson with a rebound.
2:31 of 3rd period - Wrist shot by Vinny Saponari.
2:31 of 3rd period - Stopped by Johan Gustafsson with a rebound.
2:47 of 3rd period - Nikita Nesterov is hit by Matt Tennyson and loses puck.
2:52 of 3rd period - Wrist shot by Spencer Machacek.
2:52 of 3rd period - Shot Misses the Net.
2:54 of 3rd period - Wrist shot by Spencer Machacek.
2:54 of 3rd period - Stopped by Johan Gustafsson without a rebound.
2:55 of 3rd period - Zac Dalpe wins face-off versus Jamie Tardif in Admirals NSH zone.
2:59 of 3rd period - Icing by Cameron Schilling.
3:00 of 3rd period - Jamie Tardif wins face-off versus Zac Dalpe in Admirals NSH zone.
3:04 of 3rd period - Icing by Adam Cracknell.
3:05 of 3rd period - Wacey Hamilton wins face-off versus Jamie Tardif in Admirals NSH zone.
3:18 of 3rd period - Snap shot by Adam Cracknell.
3:18 of 3rd period - Stopped by Joey MacDonald without a rebound.
3:19 of 3rd period - Wacey Hamilton wins face-off versus Mike Blunden in Stars zone.
4:45 of 3rd period - Patrik Nemeth is hit by Mike Blunden and loses puck.
5:02 of 3rd period - Snap shot by Vinny Saponari.
5:02 of 3rd period - Shot Blocked by Fredrik Claesson.
5:04 of 3rd period - Wrist shot by Carter Bancks.
5:04 of 3rd period - Shot Misses the Net.
5:06 of 3rd period - Slapshot by Luke Witkowski.
5:06 of 3rd period - Deflect By Vinny Saponari.
5:06 of 3rd period - Shot Misses the Net.
5:06 of 3rd period - Puck is out of play.
5:07 of 3rd period - Wacey Hamilton wins face-off versus Jamie Tardif in Admirals NSH zone.
5:54 of 3rd period - Slapshot by Carlo Colaiacovo.
5:54 of 3rd period - Stopped by Johan Gustafsson with a rebound.
5:56 of 3rd period - Slapshot by Carlo Colaiacovo.
5:56 of 3rd period - Stopped by Johan Gustafsson with a rebound.
5:58 of 3rd period - Snap shot by Zac Dalpe.
5:58 of 3rd period - Shot Misses the Net.
6:55 of 3rd period - Spencer Machacek is hit by Jyrki Jokipakka and loses puck.
7:05 of 3rd period - Off-side.
7:06 of 3rd period - Adam Cracknell wins face-off versus Wacey Hamilton in neutral zone.
7:13 of 3rd period - Slapshot by Adam Cracknell.
7:13 of 3rd period - Stopped by Joey MacDonald with a rebound.
7:19 of 3rd period - Slapshot by Adam Cracknell.
7:19 of 3rd period - Stopped by Joey MacDonald with a rebound.
7:21 of 3rd period - Wrist shot by Pierre-Cedric Labrie.
7:21 of 3rd period - Shot Misses the Net.
8:01 of 3rd period - Slapshot by Cameron Gaunce.
8:01 of 3rd period - Stopped by Johan Gustafsson with a rebound.
8:03 of 3rd period - Snap shot by Vinny Saponari.
8:03 of 3rd period - Stopped by Johan Gustafsson with a rebound.
8:05 of 3rd period - Slapshot by Patrik Nemeth.
8:05 of 3rd period - Stopped by Johan Gustafsson without a rebound.
8:06 of 3rd period - Mike Blunden wins face-off versus Farm Player4 in Admirals NSH zone.
8:17 of 3rd period - Slapshot by Cameron Gaunce.
8:17 of 3rd period - Shot Blocked by Patrick Mullen.
8:19 of 3rd period - Slapshot by Patrik Nemeth.
8:19 of 3rd period - Shot Misses the Net.
8:45 of 3rd period - Slapshot by Zac Dalpe.
8:45 of 3rd period - Stopped by Johan Gustafsson with a rebound.
8:47 of 3rd period - Snap shot by Justin Shugg.
8:47 of 3rd period - Shot Blocked by Nikita Nesterov.
8:49 of 3rd period - Wrist shot by Spencer Machacek.
8:49 of 3rd period - Stopped by Johan Gustafsson with a rebound.
9:19 of 3rd period - Snap shot by Pierre-Cedric Labrie.
9:19 of 3rd period - Shot Blocked by Alexandre Grenier.
10:13 of 3rd period - Snap shot by Jamie Tardif.
10:13 of 3rd period - Stopped by Joey MacDonald without a rebound.
10:14 of 3rd period - Wade Megan wins face-off versus Zac Dalpe in Stars zone.
11:53 of 3rd period - Mike Blunden is hit by Carlo Colaiacovo and loses puck.
12:06 of 3rd period - Wrist shot by Justin Shugg.
12:06 of 3rd period - Deflect By Zac Dalpe.
12:06 of 3rd period - Shot Misses the Net.
12:06 of 3rd period - Puck is out of play.
12:07 of 3rd period - Farm Player70 wins face-off versus Zac Dalpe in Admirals NSH zone.
12:47 of 3rd period - Off-side.
12:48 of 3rd period - Zac Dalpe wins face-off versus Wade Megan in neutral zone.
14:59 of 3rd period - Off-side.
15:00 of 3rd period - Jamie Tardif wins face-off versus Wacey Hamilton in neutral zone.
15:34 of 3rd period - Cameron Gaunce is hit by Mike Blunden and loses puck.
16:01 of 3rd period - Frederic St. Denis is hit by Alexandre Grenier and loses puck.
16:27 of 3rd period - Wrist shot by Carlo Colaiacovo.
16:27 of 3rd period - Deflect By Corey Tropp.
16:27 of 3rd period - Stopped by Johan Gustafsson with a rebound.
16:57 of 3rd period - Jyrki Jokipakka is hit by Spencer Machacek.
17:12 of 3rd period - Cameron Gaunce is hit by Corey Tropp and loses puck.
17:29 of 3rd period - Wrist shot by Alexandre Grenier.
17:29 of 3rd period - Shot Blocked by Jyrki Jokipakka.
17:55 of 3rd period - Wrist shot by Mike Blunden.
17:55 of 3rd period - Shot Blocked by Austin Madaisky.
18:21 of 3rd period - Michael Davies is hit by Adam Cracknell and loses puck.
18:50 of 3rd period - Patrik Nemeth is hit by Corey Tropp and loses puck.
19:10 of 3rd period - Cameron Gaunce is hit by Wade Megan.
19:54 of 3rd period - Off-side.
19:55 of 3rd period - Brody Sutter wins face-off versus Spencer Machacek in neutral zone.
Goals for this period are 0 for Admirals NSH vs 0 for Stars.
Shots for this period are 5 for Admirals NSH vs 12 for Stars.

Overtime #1


0:01 of 1st overtime period - Spencer Machacek wins face-off versus Jamie Tardif in neutral zone.
0:20 of 1st overtime period - Slapshot by Carlo Colaiacovo.
0:20 of 1st overtime period - Shot Misses the Net.
0:22 of 1st overtime period - Wrist shot by Zac Dalpe.
0:22 of 1st overtime period - Stopped by Johan Gustafsson with a rebound.
0:24 of 1st overtime period - Snap shot by Spencer Machacek.
0:24 of 1st overtime period - Deflect By Zac Dalpe.
0:24 of 1st overtime period - Stopped by Johan Gustafsson without a rebound.
0:25 of 1st overtime period - Spencer Machacek wins face-off versus Jamie Tardif in Admirals NSH zone.
0:28 of 1st overtime period - Snap shot by Spencer Machacek.
0:28 of 1st overtime period - Shot Misses the Net.
0:40 of 1st overtime period - Snap shot by Jamie Tardif.
0:40 of 1st overtime period - Shot Misses the Net.
0:42 of 1st overtime period - Snap shot by Jamie Tardif.
0:42 of 1st overtime period - Shot Misses the Net.
0:44 of 1st overtime period - Backhand shot by Jyrki Jokipakka.
0:44 of 1st overtime period - Stopped by Joey MacDonald with a rebound.
0:46 of 1st overtime period - Snap shot by Mike Blunden.
0:46 of 1st overtime period - Stopped by Joey MacDonald with a rebound.
1:02 of 1st overtime period - Snap shot by Jyrki Jokipakka.
1:02 of 1st overtime period - Stopped by Joey MacDonald without a rebound.
1:03 of 1st overtime period - Spencer Machacek wins face-off versus Jamie Tardif in Stars zone.
1:29 of 1st overtime period - Slapshot by Cameron Gaunce.
1:29 of 1st overtime period - Deflect By Jamie Tardif.
1:29 of 1st overtime period - Stopped by Johan Gustafsson with a rebound.
1:53 of 1st overtime period - Patrick Mullen is hit by Cameron Gaunce and loses puck.
2:06 of 1st overtime period - Snap shot by Michael Davies.
2:06 of 1st overtime period - Stopped by Johan Gustafsson with a rebound.
2:08 of 1st overtime period - Snap shot by Carlo Colaiacovo.
2:08 of 1st overtime period - Stopped by Johan Gustafsson without a rebound.
2:09 of 1st overtime period - Jamie Tardif wins face-off versus Spencer Machacek in Admirals NSH zone.
2:55 of 1st overtime period - Jyrki Jokipakka is hit by Michael Davies and loses puck.
3:55 of 1st overtime period - Wrist shot by Zac Dalpe.
3:55 of 1st overtime period - Shot Misses the Net.
3:57 of 1st overtime period - Snap shot by Spencer Machacek.
3:57 of 1st overtime period - Shot Blocked by Adam Cracknell.
4:20 of 1st overtime period - Patrick Mullen is hit by Alexandre Grenier and loses puck.
Goals for this period are 0 for Admirals NSH vs 0 for Stars.
Shots for this period are 3 for Admirals NSH vs 5 for Stars.

ShootOut


5:00 of 1st overtime period - Penalty Shot by Pierre-Cedric Labrie for Admirals NSH.
5:00 of 1st overtime period - Snap shot by Pierre-Cedric Labrie.
5:00 of 1st overtime period - Stopped by Joey MacDonald.
5:00 of 1st overtime period - Penalty Shot by Spencer Machacek for Stars.
5:00 of 1st overtime period - Snap shot by Spencer Machacek.
5:00 of 1st overtime period - Shot Misses the Net.
5:00 of 1st overtime period - Penalty Shot by Jamie Tardif for Admirals NSH.
5:00 of 1st overtime period - Deke by Jamie Tardif.
5:00 of 1st overtime period - Stopped by Joey MacDonald.
5:00 of 1st overtime period - Penalty Shot by Zac Dalpe for Stars.
5:00 of 1st overtime period - Deke by Zac Dalpe.
5:00 of 1st overtime period - Stopped by Johan Gustafsson.
5:00 of 1st overtime period - Penalty Shot by Frazer McLaren for Admirals NSH.
5:00 of 1st overtime period - Wrist shot by Frazer McLaren.
5:00 of 1st overtime period - Goal by Frazer McLaren.
5:00 of 1st overtime period - Penalty Shot by Justin Shugg for Stars.
5:00 of 1st overtime period - Snap shot by Justin Shugg.
5:00 of 1st overtime period - Stopped by Johan Gustafsson.


Output by the SimonT Hockey Simulator (STHS) for Eric Dolegowski -- Original Page W3C XHTML 1.0 Valid
Hockey Simulator - Hockey Simulation - Hockey Manager